 Dungeon Crawl Stone Soup version 0.28.0-43-g3370ac3207 (webtiles) character file.

Game seed: 18073232500753014948

174 weregamer the Chiller (level 5, -5/41 HPs)
             Began as a Draconian Ice Elementalist on Mar 28, 2022.
             Was an Initiate of Ru.
             Slain by Menkaure (9 damage)
             ... on level 4 of the Dungeon.
             The game lasted 00:42:22 (2075 turns).

weregamer the Chiller (Draconian Ice Elementalist)  Turns: 2075, Time: 00:42:23

Health: -5/41      AC:  8    Str: 12    XL:     5   Next: 28%
Magic:  5/8        EV: 12    Int: 16    God:    Ru [......]
Gold:   97         SH:  0    Dex: 11    Spells: 2/9 levels left

rFire   . . .      SeeInvis .   f - +0 mace (drain)
rCold   . . .      Faith    .   (no shield)
rNeg    . . .      Spirit   .   (armour unavailable)
rPois   .          Reflect  .   (helmet restricted)
rElec   .          Harm     .   c - +1 cloak
rCorr   .          Rampage  .   (no gloves)
Will    .....                   l - +0 pair of boots
Stlth   ++........              i - amulet of regeneration
HPRegen 0.93/turn               (no ring)
MPRegen 0.11/turn               (no ring)

@: no status effects
A: AC +5, unfitting armour, cold-blooded
a: Renounce Religion, Sacrifice Stealth, Sacrifice Resistance, Sacrifice a Hand,
Reject Sacrifices


You were on level 4 of the Dungeon.
You worshipped Ru.
Ru was noncommittal.
You visited 1 branch of the dungeon, and saw 3 of its levels.

You collected 97 gold pieces.

Inventory:

Hand Weapons
 b - a +0 club
 d - a +1 antimagic whip
 f - a +0 mace of draining (weapon)
 g - a +0 hunting sling
 h - a +0 falchion
Missiles
 a - 59 stones (quivered)
Armour
 c - a +1 cloak (worn)
 l - a +0 pair of boots (worn)
Jewellery
 i - an amulet of regeneration (around neck)
 j - an amulet of reflection
Scrolls
 k - a scroll of teleportation {unknown}
Potions
 e - 2 potions of resistance


   Skills:
 * Level 2.0 Fighting
 * Level 1.4 Maces & Flails
 + Level 0.7(1.1) Slings
 - Level 1.0(1.1) Throwing
 + Level 1.9 Dodging
 * Level 2.3 Stealth
 - Level 0.2 Unarmed Combat
 + Level 2.5 Spellcasting
 * Level 4.9 Ice Magic


You had 2 spell levels left.
You knew the following spells:

 Your Spells              Type           Power      Damage    Failure   Level
a - Freeze                Ice            68%        1d8       2%          1
b - Ozocubu's Armour      Ice            17%        N/A       8%          3
c - Frozen Ramparts       Ice            34%        1d5       8%          3

Your spell library contained the following spells:

 Spells                   Type           Power      Damage    Failure   Level
 Hailstorm                Conj/Ice       9%         3d4       56%         4
 Ice Form                 Ice/Tmut       9%         N/A       56%         4
 Summon Ice Beast         Ice/Summ       9%         N/A       56%         4


Dungeon Overview and Level Annotations

Branches:
Dungeon (2/15)

Altars:
Ru

Annotations:
D:4 Menkaure


Innate Abilities, Weirdness & Mutations

Your plain brown scales are hard. (AC +5)
You cannot fit into any form of body armour.
You are cold-blooded and may be slowed by cold attacks.


Message History

The scorpion stings you but does no damage.
The scorpion misses you.
You hit the scorpion. You drain the scorpion.
You kill the scorpion!
Your Fighting skill increases to level 2!
You have reached level 5!
Unknown command.
Your icy armour cracks and falls away as you move.
You now have 97 gold pieces (gained 7).
a - 60 stones (gained 3)
a - 61 stones (gained 1)
a - 62 stones (gained 1) Menkaure, Prince of Dust comes into view.
You see here a stone.
You see here a stone.
a - 63 stones (gained 1) Menkaure shouts!
You hear a shout!
Menkaure casts a spell.
Menkaure seems to speed up.
Menkaure is nearby!
Menkaure grins.
You throw a stone.
The stone hits Menkaure but does no damage.
You throw a stone.
The stone hits Menkaure but does no damage.
You throw a stone. The stone barely misses Menkaure.
Menkaure calls on the powers of darkness!
Your body is wracked with pain!
You throw a stone.
The stone hits Menkaure but does no damage.
Menkaure calls on the powers of darkness!
Your body is wracked with pain!
You closely miss Menkaure. Menkaure hits you!
* * * LOW HITPOINT WARNING * * *
Menkaure hits you.
* * * LOW HITPOINT WARNING * * *
You hit Menkaure.
Menkaure is lightly damaged.
Menkaure hits you!
You die...

..........#..........
#...............#......
##..............##......
#..............###......
#............## #......
.. #............# ......
M.. #...........# ...#
#...........# ....#
#.(M@......# .....#
###(.........#
......##.(..........#
........(...........#
...##.............##
##....##......#
##..####.....# #..#
##....# #... .#...#


You could see Menkaure (fast).

Vanquished Creatures
  A scorpion (D:4)
  Natasha (twice) (D:2)
  A gnoll (D:1)
  2 adders
  A dart slug (D:1)
  4 ball pythons (D:1)
  2 endoplasms
  A giant cockroach (D:1)
  5 goblins
  4 hobgoblins
  4 jackals (D:1)
  2 quokkas
  3 bats
  A frilled lizard (D:1)
  3 kobolds
  A quokka skeleton (D:4)
  2 rats
  A spectral hobgoblin (D:2)
40 creatures vanquished.

Notes
Turn   | Place    | Note
-------+----------+-------------------------------------------
     0 | D:1      | weregamer the Draconian Ice Elementalist began the quest
                  | for the Orb.
     0 | D:1      | Reached XP level 1. HP: 14/14 MP: 3/3
   284 | D:1      | Reached XP level 2. HP: 18/22 MP: 1/5
   670 | D:1      | Reached XP level 3. HP: 27/27 MP: 0/6
  1047 | D:1      | Learned a level 3 spell: Ozocubu's Armour
  1234 | D:2      | Reached skill level 1 in Fighting
  1426 | D:2      | Reached skill level 1 in Throwing
  1520 | D:2      | Found a faded altar of an unknown god.
  1532 | D:2      | Prayed at the altar of an unknown god.
  1532 | D:2      | Became a worshipper of Ru the Awakened
  1573 | D:2      | Noticed Natasha
  1579 | D:2      | Killed Natasha
  1580 | D:2      | Reached XP level 4. HP: 35/35 MP: 0/7
  1712 | D:2      | Learned a level 3 spell: Frozen Ramparts
  1714 | D:2      | Noticed Natasha
  1727 | D:2      | Killed Natasha
  1983 | D:2      | You fall into a shaft and drop 2 floors!
  2020 | D:4      | Reached skill level 1 in Maces & Flails
  2031 | D:4      | Noticed a scorpion
  2044 | D:4      | Killed a scorpion
  2045 | D:4      | Reached XP level 5. HP: 41/41 MP: 2/8
  2058 | D:4      | Noticed Menkaure
  2074 | D:4      | HP: 2/41 [Menkaure (3)]
  2075 | D:4      | Slain by Menkaure

Illustrated notes

Levels and vault maps discovered:
D:1:      amcnicky_arrival_feature_with_door, layout_basic, serial_aquarium,
          aquarium_bridge_square [aquarium_subvault_wall,
          aquarium_subvault_balcony, aquarium_subvault_window,
          aquarium_subvault_bridge], aquarium_window_2, aquarium_window_1,
          aquarium_window_2, aquarium_window_fake, aquarium_view_2b,
          aquarium_balcony_1b
D:2:      layout_basic, dreamdust_ecumenical_altar_drowned_temple, uniq_natasha
D:4:      layout_cave_pods, minmay_misc_feat_enclosed, nicolae_shop_clearance,
          uniq_edmund, uniq_menkaure, uniq_blork_the_orc

Skill      XL: |  1  2  3  4 |
---------------+-------------+-----
Fighting       | 1 2 |  2.0
Throwing       | 1 |  1.0
Stealth        | 2 |  2.3
Maces & Flails | 1 |  1.4
Slings         | |  0.7
Dodging        | |  1.9
Unarmed Combat | |  0.2
Spellcasting   | |  2.5
Ice Magic      | |  4.9

Action                   |  1- 3 |  4- 6 || total
-------------------------+-------+-------++-------
Melee: Unarmed           |    10 |       ||    10
       Tailslap          |     3 |     2 ||     5
       Club              |     6 |       ||     6
       Punch             |     1 |       ||     1
       Mace              |    10 |    13 ||    23
 Fire: Hunting sling     |     4 |    19 ||    23
Throw: Stone             |    80 |     5 ||    85
 Cast: Freeze            |    36 |     7 ||    43
       Ozocubu's Armour  |     1 |     3 ||     4
  Use: Scroll            |     3 |       ||     3
Armor: Skin              |    18 |     6 ||    24
Dodge: Dodged            |    48 |    18 ||    66
